 Dungeon Crawl Stone Soup version 0.26-a0-259-g1effd001a9 (webtiles) character file.

Game seed: 13284947421817695621

1757 Goblin1989 the Ruffian (level 8, -2/79 HPs)
             Began as a Troll Fighter on July 14, 2020.
             Was an Initiate of Gozag.
             Slain by an iguana (11 damage)
             ... on level 5 of the Dungeon.
             The game lasted 00:08:37 (4294 turns).

Goblin1989 the Ruffian (Troll Fighter)              Turns: 4294, Time: 00:08:37

Health: -2/79      AC:  6    Str: 26    XL:     8   Next: 79%
Magic:  7/7        EV: 10    Int:  5    God:    Gozag
Gold:   27         SH: 14    Dex:  9    Spells: 7/7 levels left

rFire    . . .     SeeInvis .     - Unarmed
rCold    . . .     Faith    .   b - +0 kite shield
rNeg     . . .     Spirit   .   a - +0 robe
rPois    .         Reflect  +   (helmet restricted)
rElec    .         Harm     .   (no cloak)
rCorr    .                      (gloves unavailable)
MR       +....                  (boots unavailable)
Stlth    ..........             v - amulet of reflection
HPRegen  0.63/turn              m - ring of protection from magic
MPRegen  0.10/turn              s - ring of attention (curse)

@: gold aura
A: large, unfitting armour, claws 3, fast metabolism 1, regeneration 1, shaggy
fur 1, tough skin 3
a: Potion Petition, Call Merchant, Bribe Branch, Renounce Religion


You were on level 5 of the Dungeon.
You worshipped Gozag.
Gozag was noncommittal.
You were not hungry.

You visited 2 branches of the dungeon, and saw 7 of its levels.

You collected 447 gold pieces.
You spent 350 gold pieces at shops.
You paid 70 gold pieces to Gozag.

Inventory:

Missiles
 k - 4 large rocks (quivered) {!d, @Q4}
Armour
 a - a +0 robe (worn)
 b - a +0 kite shield (worn)
Jewellery
 m - a ring of protection from magic (left claw)
 s - a cursed ring of attention (right claw)
 v - an amulet of reflection (around neck)
 B - a cursed ring of teleportation {unknown}
Wands
 y - a wand of enslavement (8)
Scrolls
 f - 3 scrolls of remove curse {unknown}
 i - 3 scrolls of fear {unknown}
 j - 5 scrolls of identify {unknown}
 l - a scroll of immolation {unknown}
 o - a scroll of noise {unknown}
 q - a scroll of amnesia {unknown}
 r - 5 scrolls of teleportation {unknown}
 z - a scroll of random uselessness {unknown}
 A - a scroll of enchant weapon {unknown}
Potions
 c - 2 potions of might {@q4}
 g - 2 potions of cancellation
 n - 2 potions of lignification {unknown}
 p - a potion of invisibility {unknown}
 t - a potion of ambrosia {unknown}
 u - 3 potions of haste
 w - 2 potions of brilliance {unknown}
 x - 2 potions of curing {unknown}
 C - a potion of resistance {@q6}
 D - a potion of berserk rage
Comestibles
 e - 15 rations


   Skills:
 + Level 4.5 Fighting
 + Level 3.7 Throwing
 + Level 4.5 Dodging
 + Level 4.5 Shields
 * Level 6.9 Unarmed Combat


You had 7 spell levels left.
You didn't know any spells.
Your spell library contained the following spells:

 Spells                   Type           Power        Failure   Level
 Corona                   Hex            #......      80%         1
 Slow                     Hex            #.......     91%         2
 Inner Flame              Hex/Fire       #.......     99%         3
 Portal Projectile        Hex/Tloc       #.....       99%         3
 Cause Fear               Hex            #.........   100%        4
 Leda's Liquefaction      Hex/Erth       #.........   100%        4


Dungeon Overview and Level Annotations

Branches:
Dungeon (6/15)             Temple (1/1) D:5

Altars:
Dithmenos
Elyvilon
Gozag
Qazlal
Wu Jian
Zin

Shops:
D:6 !

Annotations:
D:3 2 transporters


Innate Abilities, Weirdness & Mutations

You are too large for most types of armour.
You have claws for hands.
You have a fast metabolism.
Your natural rate of healing is unusually fast.
You are covered in fur. (AC +1)
You have extremely tough skin. (AC +3)


Message History

The howler monkey hoots and howls with incredible vigour!
The orc priest looks encouraged for a moment.
The iguana hisses menacingly.
You block the howler monkey's attack.
The howler monkey hoots and howls with incredible vigour!
The howler monkey hoots and howls with incredible vigour!
The howler monkey hoots and howls with incredible vigour!
There is a stone staircase leading up, spattered with blood here.
The howler monkey hoots and howls with incredible vigour!
You climb upwards.
There is a stone staircase leading down, spattered with blood here.
Saving game... please wait.
Gozag says: Become a neqoxec!
Welcome back, Goblin1989 the Troll Fighter.
Gozag says: Greed is good.
Press ? for a list of commands and other information.
You start resting.
HP restored.
Health restored: 79 You climb downwards.
You block the iguana's attack.
The ogre hits you with a +0 giant club!!
The iguana completely misses you.
There is a stone staircase leading up, spattered with blood here.
You take 25 damage, and have 54/79 hp.
MASSIVE DAMAGE!!
Unknown command.
The ogre completely misses you. You block the iguana's attack.
You block the howler monkey's attack.
You climb upwards.
There is a stone staircase leading down, spattered with blood here.
You regained 2 hp, and now have 56/79 hp.
Unknown command.
You claw the ogre!
The ogre is heavily wounded.
You block the ogre's attack.
You claw the ogre!
The ogre is almost dead.
The iguana bites you.
You take 3 damage, and have 53/79 hp.
Your shield prevents you from hitting the ogre.
The ogre is almost dead.
The ogre hits you with a +0 giant club!!
* * * LOW HITPOINT WARNING * * *
The iguana bites you.
* * * LOW HITPOINT WARNING * * *
You are too injured to fight recklessly!
You are too injured to fight recklessly!
You take 25 damage, and have 28/79 hp.
MASSIVE DAMAGE!!
You are too injured to fight recklessly!
You are too injured to fight recklessly!
You are too injured to fight recklessly!
You are too injured to fight recklessly!
You are too injured to fight recklessly!
You are too injured to fight recklessly!
You are too injured to fight recklessly!
You are too injured to fight recklessly!
You are too injured to fight recklessly!
You are too injured to fight recklessly!
You are too injured to fight recklessly!
You are too injured to fight recklessly!
You are too injured to fight recklessly!
Your shield prevents you from hitting the ogre.
The ogre is almost dead.
You block the iguana's attack. The ogre hits you with a +0 giant club!
* * * LOW HITPOINT WARNING * * *
You take 13 damage, and have 15/79 hp.
You claw the ogre!
You kill the ogre!
You block the iguana's attack.
You barely miss the iguana. You block the iguana's attack.
You scratch the iguana but do no damage.
You block the iguana's attack.
You claw the iguana!
The iguana is severely wounded.
The iguana bites you!
* * * LOW HITPOINT WARNING * * *
You take 8 damage, and have 9/79 hp.
You barely miss the iguana.
The iguana is severely wounded.
The iguana bites you!
* * * LOW HITPOINT WARNING * * *
You take 8 damage, and have 1/79 hp.
You scratch the iguana but do no damage.
The iguana is severely wounded.
You block the iguana's attack.
You closely miss the iguana.
The iguana is severely wounded.
You block the iguana's attack.
Unknown command.
The iguana hisses menacingly.
The iguana bites you!
* * * LOW HITPOINT WARNING * * *
You take 8 damage, and have 7/79 hp.
You scratch the iguana but do no damage.
The iguana is severely wounded.
You block the iguana's attack.
You closely miss the iguana.
The iguana is severely wounded.
The iguana bites you!
You die...
Your body crumbles into a pile of gold.

█........██ ██
██.....█████████.
██.............. █
██............. ██
██.............. .██
█....███████████ ..██
███............███
█..██
██.................
██..██
██.@██..............
██..██
██.l███████..........
██..███████..██
█..(....(..
████.........██
█...(......
█.█..███████..█
██.......... ██..██
█..██ ███...........
██..██ ██..█
██............. █..██
██.███..............
..██
█..................


You could see an iguana.

Vanquished Creatures
  Menkaure (D:5)
  2 orc warriors (D:6)
  A sky beast (D:4)
  3 ogres
  A centaur (D:5)
  A bullfrog (D:5)
  3 scorpions
  5 wights (D:6)
  A howler monkey (D:4)
  5 hounds
  2 orc priests
  2 bullfrog skeletons (D:5)
  An iguana (D:4)
  A centaur skeleton (D:4)
  An orc wizard (D:5)
  3 worker ants
  3 adders
  A howler monkey skeleton (D:5)
  An ufetubus (D:5)
  2 oozes
  An adder skeleton (D:4)
  2 dart slugs
  6 leopard geckos
  17 orcs
  11 bats
  4 giant cockroaches
  14 goblins
  8 hobgoblins
  5 jackals
  8 kobolds
  2 quokkas
  2 ball pythons
  2 frilled lizards (D:2)
  A giant cockroach zombie (D:5)
  10 rats
133 creatures vanquished.

Notes
Turn   | Place    | Note
-------+----------+-------------------------------------------
     0 | D:1      | Goblin1989 the Troll Fighter began the quest for the Orb.
     0 | D:1      | Reached XP level 1. HP: 22/22 MP: 0/0
   141 | D:1      | Reached XP level 2. HP: 25/29 MP: 1/1
   248 | D:1      | Reached XP level 3. HP: 25/36 MP: 2/2
   749 | D:2      | Reached skill level 3 in Unarmed Combat
  1336 | D:3      | Reached XP level 4. HP: 44/44 MP: 3/3
  1481 | D:3      | Found a transporter.
  1502 | D:3      | Found a transporter.
  1984 | D:3      | Reached skill level 1 in Throwing
  1984 | D:3      | Reached XP level 5. HP: 34/52 MP: 4/4
  2079 | D:4      | Noticed an ogre
  2080 | D:4      | Reached skill level 4 in Unarmed Combat
  2100 | D:4      | Killed an ogre
  2100 | D:4      | Reached XP level 6. HP: 61/61 MP: 5/5
  2119 | D:4      | Noticed a sky beast
  2126 | D:4      | Killed a sky beast
  2237 | D:4      | Reached XP level 7. HP: 67/67 MP: 6/6
  2381 | D:4      | Reached skill level 5 in Unarmed Combat
  2492 | D:5      | Entered Level 5 of the Dungeon
  2803 | D:5      | Found a staircase to the Ecumenical Temple.
  2809 | Temple   | Entered the Ecumenical Temple
  2818 | Temple   | Became a worshipper of Gozag Ym Sagoz the Greedy
  2969 | D:5      | Noticed Menkaure
  2998 | D:5      | Killed Menkaure
  2998 | D:5      | Reached XP level 8. HP: 19/78 MP: 7/7
  3749 | D:5      | Reached skill level 6 in Unarmed Combat
  4120 | D:6      | Found Ohofamn's Distillery.
  4126 | D:6      | Bought a potion of haste for 140 gold pieces
  4126 | D:6      | Bought a potion of resistance for 140 gold pieces
  4126 | D:6      | Bought a potion of berserk rage for 70 gold pieces
  4269 | D:5      | HP: 1/79 [iguana (9)]
  4294 | D:5      | Slain by an iguana

Illustrated notes

Levels and vault maps discovered:
D:1:      minmay_arrival_widening_spiral_wide, layout_basic, minmay_quantized
D:2:      layout_basic
D:3:      gammafunk_steamed_eel, layout_basic
D:4:      layout_rooms, first_ration, minmay_misc_feat_cross
D:5:      layout_cave_pods, minmay_temple_entry_hall, water_maze_lemuel,
          uniq_menkaure
D:6:      layout_rooms, fiery_altar_vehumet, serial_shops, shop, st_stairs_11
Temple:   nicolae_temple_elliptical

Skill      XL: |  1  2  3  4  5  6  7  8 |
---------------+-------------------------+-----
Unarmed Combat | 3 4 5 6 |  6.9
Throwing       | 1 2 3 |  3.7
Dodging        | 3 4 |  4.5
Shields        | 3 4 |  4.5
Fighting       | 3 4 |  4.5

Action                   |  1- 3 |  4- 6 |  7- 9 || total
-------------------------+-------+-------+-------++-------
Melee: Unarmed           |   151 |    97 |   221 ||   469
  Use: Potion            |       |       |     3 ||     3
  Eat: Ration            |     1 |     1 |     3 ||     5
Armor: Robe              |    58 |    28 |    28 ||   114
Dodge: Dodged            |    37 |    33 |    67 ||   137
Block: Kite shield       |    67 |    51 |   152 ||   270
       Reflection        |       |       |    10 ||    10

Table legend:
 A = Non-vault XP
 B = Vault XP
 C = Vault XP percentage of total XP
 D = Non-vault monster count
 E = Vault monster count
 F = Vault count percentage of total count
                 A         B        C        D         E       F
            +---------+---------+-------+---------+---------+-------
      Total |    2218 |     293 |  11.7 |     125 |       8 |   6.0
            +---------+---------+-------+---------+---------+-------
        D:1 |      59 |      10 |  14.5 |      35 |       4 |  10.3
        D:2 |      23 |       0 |   0.0 |      14 |       0 |   0.0
        D:3 |     193 |       0 |   0.0 |      16 |       0 |   0.0
        D:4 |     685 |       0 |   0.0 |      21 |       0 |   0.0
        D:5 |     595 |     280 |  32.0 |      23 |       3 |  11.5
        D:6 |     663 |       3 |   0.5 |      16 |       1 |   5.9
            +---------+---------+-------+---------+---------+-------
